 Dungeon Crawl Stone Soup version 0.19.0-19-g8c6edcc (webtiles) character file.

2788 AAAAA the Thaumaturge (level 9, -11/54 HPs)
             Began as an Octopode Warper on Nov 15, 2016.
             Was an Elder of Sif Muna.
             Shot with an arrow by a centaur warrior (23 damage)
             ... on level 9 of the Dungeon.
             The game lasted 00:24:31 (11116 turns).

AAAAA the Thaumaturge (Octopode Warper)            Turns: 11116, Time: 00:24:31

Health: -11/54     AC:  1    Str: 10    XL:     9   Next: 71%
Magic:  20/23      EV: 13    Int: 19    God:    Sif Muna [****..]
Gold:   579        SH:  0    Dex: 11    Spells: 4 memorised, 19 levels left

rFire  . . .     SeeInvis +     v - +2 short sword (elec)
rCold  + . .     Gourm    .     (no shield)
rNeg   . . .     Faith    +     (helmet restricted)
rPois  .         Spirit   .     z - amulet of faith
rElec  .         Reflect  .     t - ring of protection from cold
rCorr  .         Harm     .     (no ring)
MR     .....                    B - ring of see invisible
Stlth  ++........               (no ring)
                                (no ring)
                                (no ring)
                                (no ring)
                                (no ring)

@: no status effects
A: almost no armour, stealthy swim, amphibious, 8 rings, constrict 8, camouflage
1, gelatinous body 1
a: Divine Energy, Channel Magic, Forget Spell, Renounce Religion


You were on level 9 of the Dungeon.
You worshipped Sif Muna.
Sif Muna was greatly pleased with you.
You were hungry.

You visited 1 branch of the dungeon, and saw 9 of its levels.

You collected 579 gold pieces.

Inventory:

Hand Weapons
 a - a +0 falchion
 n - a +0 blowgun
 v - a +2 short sword of electrocution (weapon)
 O - a +0 scimitar
Missiles
 d - 4 tomahawks of dispersal (quivered)
 g - 176 stones
 i - 7 needles of confusion
 o - 16 poisoned needles
 w - 4 needles of sleeping
 N - 5 tomahawks
Jewellery
 t - a ring of protection from cold (left tentacle)
 z - an amulet of faith (around mantle)
 B - a ring of see invisible (on tentacle)
Wands
 s - a wand of random effects (18/48)
 y - a wand of lightning (6/15)
 J - a wand of confusion (8/48)
Scrolls
 c - 3 scrolls of blinking
 e - 2 scrolls of enchant armour
 h - 2 scrolls of teleportation
 k - a scroll of fear
 p - 2 scrolls of remove curse
 u - a scroll of noise
 D - a scroll of enchant weapon
 G - 2 scrolls of fog
 H - 3 scrolls of immolation
 M - a scroll of magic mapping
Potions
 j - 3 potions of resistance
 q - 2 potions of curing
 r - a potion of cure mutation
 A - a potion of haste
 E - 3 potions of flight
 F - a potion of agility
 K - a potion of mutation
 L - a potion of invisibility
 P - a potion of cancellation
Books
 b - a book of Spatial Translocations

   Spells                             Type                      Level
   a - Blink                          Translocation                2
   b - Shroud of Golubria             Charms/Translocation         2
   c - Lesser Beckoning               Translocation                3
   d - Portal Projectile              Translocation                3
   e - Teleport Other                 Translocation                3
   f - Passage of Golubria            Translocation                4
 x - a book of Maledictions

   Spells                             Type                      Level
   a - Corona                         Hexes                        1
   b - Ensorcelled Hibernation        Hexes/Ice                    2
   c - Confuse                        Hexes                        3
   d - Tukima's Dance                 Hexes                        3
   e - Dazzling Spray                 Conjuration/Hexes            3
 I - a book of Changes

   Spells                             Type                      Level
   a - Beastly Appendage              Transmutation                1
   b - Sticks to Snakes               Transmutation                2
   c - Spider Form                    Transmutation/Poison         3
   d - Ice Form                       Ice/Transmutation            4
   e - Blade Hands                    Transmutation                5
Comestibles
 f - 6 bread rations
 l - 3 fruits
 m - 5 meat rations


   Skills:
 - Level 2.0 Fighting
 - Level 2.0 Long Blades
 - Level 1.0 Throwing
 - Level 2.3 Dodging
 + Level 10.5 Spellcasting
 + Level 6.3 Conjurations
 - Level 3.0 Translocations


You had 19 spell levels left.
You knew the following spells:

 Your Spells              Type           Power        Failure   Level  Hunger
a - Blink                 Tloc           N/A          3%          2    None
b - Teleport Other        Tloc           ###.....     8%          3    None
c - Shroud of Golubria    Chrm/Tloc      ###.......   8%          2    None
d - Dazzling Spray        Conj/Hex       ###...       8%          3    None


Dungeon Overview and Level Annotations

Branches:
Dungeon (9/15)             Temple (0/1) D:7
   Lair: D:8-11         Orc: D:9-12

Altars:
Makhleb
Nemelex Xobeh
Sif Muna
Uskayaw

Shops:
D:5 [

Annotations:
D:8 Erica, Maurice


Innate Abilities, Weirdness & Mutations

You cannot wear most types of armour.
You are very stealthy in the water. (Stealth+)
You are amphibious.
You can wear up to eight rings at the same time.
You can use your tentacles to constrict eight enemies at once.
Your skin changes colour to match your surroundings (Stealth+).
Your rubbery body absorbs attacks. (AC +1, EV +1)


Message History

Okay, then.
The hound closely misses you.
The centaur warrior shoots an arrow.
The arrow closely misses you.
You see here an arrow.
Casting: Dazzling Spray
Confirm with . or Enter, or press ? or * to list all spells.
Aiming: Dazzling Spray
Press: ? - help, Shift-Dir - straight line, f - centaur warrior
Aim: a centaur warrior, wielding a shortbow The spray of energy hits the centaur warrior.
The centaur warrior is dazzled.
The centaur warrior shoots an arrow.
The arrow closely misses you.
The centaur warrior shoots an arrow.
The arrow misses you.
You see here an arrow.
The centaur warrior shoots an arrow.
The arrow barely misses you.
The centaur warrior is no longer blind.
The centaur warrior shoots an arrow.
The arrow hits you!
* * * LOW HITPOINT WARNING * * *
The centaur warrior shoots an arrow.
The arrow hits you!!
You die...

#....##.#.#######.#..#
+....<#.#.#.......##.#
#....##...........##.#
#....'............##.#
#....####.#....#####..
####.#.....#'#.# #..
#.#.......#.# #..
#.#######.#.# #..
#(@..((.ch#.# #..
#########T#.#####..
........#.#......
....#.#.#.#......
..###.#.#.#......
###..(..#.'......
#......T###......
#....#.#..# #......
...###G#..# #......


You could see a centaur warrior, a troll and a hound.

Vanquished Creatures
  A hippogriff (D:9)
  Sigmund (D:4)
  2 orc warriors
  A sky beast (D:6)
  2 black bears
  3 ogres
  A centaur (D:7)
  6 bullfrogs
  3 scorpions
  3 wights
  2 howler monkeys
  A bullfrog zombie (D:9)
  4 crimson imps
  A centaur zombie (D:5)
  A jelly (D:8)
  2 orc priests (D:6)
  3 hounds
  3 iguanas
  4 orc wizards
  2 worker ants
  Robin (D:3)
  9 adders
  3 gnolls
  A howler monkey skeleton (D:5)
  A shadow imp (D:4)
  2 oozes
  An adder zombie (D:5)
  3 adder skeletons
  2 worms
  2 dart slugs
  4 leopard geckos
  21 orcs
  3 giant cockroaches
  15 goblins
  10 hobgoblins
  17 jackals
  7 kobolds
  5 quokkas
  10 bats
  6 frilled lizards
  A quokka skeleton (D:5)
  10 rats
180 creatures vanquished.

Vanquished Creatures (others)
  A plant (D:5)
1 creature vanquished.

Grand Total: 181 creatures vanquished

Notes
Turn   | Place    | Note
-------+----------+-------------------------------------------
     0 | D:1      | AAAAA the Octopode Warper began the quest for the Orb.
     0 | D:1      | Reached XP level 1. HP: 14/14 MP: 3/3
   495 | D:1      | Reached XP level 2. HP: 19/19 MP: 3/5
   499 | D:1      | Learned a level 2 spell: Blink
   670 | D:2      | Reached skill level 3 in Spellcasting
   767 | D:2      | Reached XP level 3. HP: 13/24 MP: 7/7
   899 | D:2      | Learned a level 3 spell: Teleport Other
  1048 | D:3      | Reached XP level 4. HP: 24/29 MP: 7/9
  1048 | D:3      | Reached skill level 4 in Spellcasting
  1361 | D:4      | Found a deep blue altar of Sif Muna.
  1363 | D:4      | Found a sparkling altar of Nemelex Xobeh.
  1371 | D:4      | Found a burning altar of Makhleb.
  1426 | D:4      | Became a worshipper of Sif Muna the Loreminder
  1682 | D:3      | Noticed a bullfrog
  1747 | D:3      | Learned a level 2 spell: Shroud of Golubria
  1756 | D:3      | Killed a bullfrog
  1756 | D:3      | Reached skill level 5 in Spellcasting
  1756 | D:3      | Reached XP level 5. HP: 17/34 MP: 9/12
  2123 | D:3      | Noticed Robin
  3114 | D:3      | Killed Robin
  3116 | D:3      | Reached XP level 6. HP: 24/39 MP: 12/14
  3597 | D:1      | Reached * piety under Sif Muna
  3988 | D:4      | Noticed Sigmund
  4779 | D:5      | Entered Level 5 of the Dungeon
  4789 | D:5      | Found Voeg Feu's Armour Emporium.
  4802 | D:5      | Reached skill level 6 in Spellcasting
  5206 | D:5      | Reached XP level 7. HP: 44/45 MP: 17/17
  5306 | D:5      | Reached skill level 7 in Spellcasting
  5870 | D:4      | Reached ** piety under Sif Muna
  6208 | D:4      | Killed Sigmund
  6208 | D:4      | Reached skill level 8 in Spellcasting
  6636 | D:6      | Reached XP level 8. HP: 41/50 MP: 20/20
  6685 | D:5      | Learned a level 3 spell: Dazzling Spray
  6859 | D:6      | Reached skill level 1 in Conjurations
  7033 | D:6      | Reached skill level 9 in Spellcasting
  7685 | D:5      | Reached *** piety under Sif Muna
  8246 | D:6      | Reached XP level 9. HP: 42/54 MP: 12/22
  8838 | D:7      | Found a staircase to the Ecumenical Temple.
  8934 | D:7      | Reached **** piety under Sif Muna
  9432 | D:7      | Reached skill level 5 in Conjurations
  9710 | D:7      | Reached skill level 10 in Spellcasting
 10411 | D:8      | Noticed a dagger
 10411 | D:8      | Noticed a dagger
 10416 | D:8      | Noticed Erica
 10418 | D:8      | Found a hide-covered altar of Uskayaw.
 10463 | D:8      | Noticed Maurice
 11102 | D:9      | Noticed a centaur warrior
 11103 | D:9      | Noticed a troll
 11116 | D:9      | Shot with an arrow by a centaur warrior

Skill      XL: |  1  2  3  4  5  6  7  8  9 |
---------------+----------------------------+-----
Spellcasting   | 3 5 6 8 9 10 | 10.5
Conjurations   | 4 6 |  6.3
Fighting       | |  2.0
Long Blades    | |  2.0
Throwing       | |  1.0
Dodging        | |  2.3
Translocations | |  3.0

Action                   |  1- 3 |  4- 6 |  7- 9 || total
-------------------------+-------+-------+-------++-------
Melee: Falchion          |    49 |   126 |       ||   175
       Constrict         |    12 |    49 |    42 ||   103
       Tentacles         |     7 |    20 |    19 ||    46
       Short sword       |       |    60 |   198 ||   258
 Fire: Blowgun           |       |     9 |     8 ||    17
Throw: Tomahawk          |     1 |       |       ||     1
 Cast: Shroud of Golubri |       |     4 |    14 ||    18
       Blink             |       |     5 |    16 ||    21
       Dazzling Spray    |       |       |    72 ||    72
  Use: Scroll            |     3 |     6 |    13 ||    22
       Potion            |       |     2 |       ||     2
 Stab: Sleeping          |     4 |     5 |     6 ||    15
       Distracted        |       |     1 |       ||     1
       Invisible         |       |       |     5 ||     5
  Eat: Chunk             |       |    10 |    13 ||    23
       Fruit             |       |     2 |       ||     2
       Meat ration       |       |     1 |       ||     1
       Pizza             |       |       |     1 ||     1
Armor: Skin              |       |    18 |     9 ||    27
Dodge: Dodged            |    27 |   137 |   139 ||   303
       Rpst.: Falchion   |     8 |    30 |       ||    38
